General information
- name: BNet
- type: Ladder team game (AT/RT)
- host: Battle.net
- saver: DRUMMER.BOY.
map: MarketSquare
- players: 8
- length: 52:26
- speed: Fast
- version: 1.26 W3XP
- replay type: Public
» download(205 KB)
Players
team 1 (winner)
DRUMMER.BOY. (
teal | 58 APM | 3063 actions | 52:26)
7 Goblin Tinker
3 Pocket Factory
3 Engineering Upgrade
1 Robo-Goblin
3 Archmage
2 Brilliance Aura
1 Summon Water Elemental
1 Tauren Chieftain
1 Reincarnation
» actions
| Assign group hotkey | 76 | |
| Basic commands | 12 | |
| Build / train | 65 | |
| Enter build submenu | 33 | |
| Enter hero's abilities submenu | 11 | |
| Give item / drop item | 2 | |
| Remove unit from queue | 1 | |
| Right click | 1381 | |
| Select / deselect | 325 | |
| Select group hotkey | 975 | |
| Use ability | 182 | |
3063 total
» units
| Peon | 18 | |
| Grunt | 1 | |
| Wind Rider | 4 | |
| Troll Batrider | 4 | |
| Knight | 3 | |
| Demolisher | 3 | |
33 total
» upgrades
| Reinforced Defenses | 2 | |
| Envenomed Spears | 1 | |
| Ranged Weapons | 1 | |
| Liquid Fire | 1 | |
| Burning Oil | 1 | |
6 total
» buildings
| Altar of Storms | 1 | |
| Barracks | 2 | |
| Orc Burrow | 9 | |
| Voodoo Lounge | 1 | |
| War Mill | 1 | |
| Stronghold | 2 | |
| Watch Tower | 42 | |
| Beastiary | 2 | |
| Fortress | 1 | |
| Altar of Kings | 1 | |
| Great Hall | 3 | |
65 total
» build order
00:15 Altar of Storms
00:22 Barracks
00:38 Orc Burrow
01:45 Voodoo Lounge
02:14 Orc Burrow
02:37 War Mill
03:09 Stronghold
03:09 Stronghold
03:15 Orc Burrow
04:02 Watch Tower
04:20 Orc Burrow
04:39 Orc Burrow
05:07 Watch Tower
05:47 Beastiary
06:13 Beastiary
07:06 Fortress
07:58 Watch Tower
07:59 Watch Tower
08:00 Watch Tower
08:01 Watch Tower
08:21 Watch Tower
10:20 Watch Tower
10:20 Watch Tower
10:22 Watch Tower
10:22 Watch Tower
13:35 Orc Burrow
13:35 Orc Burrow
13:36 Orc Burrow
16:34 Watch Tower
16:35 Watch Tower
16:35 Watch Tower
16:37 Watch Tower
16:37 Watch Tower
16:37 Watch Tower
16:39 Watch Tower
16:39 Watch Tower
16:39 Watch Tower
17:33 Barracks
19:12 Watch Tower
19:12 Watch Tower
19:13 Watch Tower
19:14 Watch Tower
19:14 Watch Tower
19:14 Watch Tower
19:15 Watch Tower
19:16 Watch Tower
19:17 Watch Tower
21:58 Watch Tower
23:46 Watch Tower
23:46 Watch Tower
23:51 Watch Tower
23:52 Watch Tower
25:47 Altar of Kings
32:48 Great Hall
32:50 Watch Tower
32:50 Watch Tower
32:51 Watch Tower
32:51 Watch Tower
32:51 Watch Tower
32:52 Watch Tower
33:01 Orc Burrow
35:19 Great Hall
35:37 Watch Tower
35:37 Watch Tower
38:38 Great Hall
» items
| Healing Salve | 1 | |
| Staff of Teleportation | 1 | |
| Scroll of Town Portal | 1 | |
| Orb of Lightning | 1 | |
| Boots of Speed | 1 | |
| Potion of Lesser Invulnerability | 1 | |
| Potion of Invisibility | 2 | |
8 total
Luigi4002 (
green | 33 APM | 507 actions | 15:23)
1 Archmage
1 Summon Water Elemental
» actions
| Assign group hotkey | 5 | |
| Basic commands | 2 | |
| Build / train | 41 | |
| Enter build submenu | 32 | |
| Enter hero's abilities submenu | 1 | |
| Remove unit from queue | 1 | |
| Right click | 133 | |
| Select / deselect | 228 | |
| Select group hotkey | 36 | |
| Use ability | 28 | |
507 total
» units
| Peasant | 13 | |
| Sorceress | 6 | |
| Knight | 5 | |
24 total
» upgrades
| Swords | 2 | |
| Plating | 2 | |
| Lumber Harvesting | 1 | |
5 total
» buildings
| Altar of Kings | 1 | |
| Farm | 11 | |
| Lumber Mill | 1 | |
| Blacksmith | 1 | |
| Arcane Vault | 1 | |
| Scout Tower | 7 | |
| Arcane Tower | 2 | |
| Guard Tower | 5 | |
| Keep | 1 | |
| Castle | 1 | |
| Barracks | 2 | |
| Arcane Sanctum | 1 | |
34 total
» build order
00:08 Altar of Kings
00:17 Farm
00:56 Farm
01:15 Farm
01:23 Lumber Mill
01:42 Blacksmith
01:54 Farm
02:13 Farm
02:34 Arcane Vault
02:42 Scout Tower
02:54 Scout Tower
02:59 Scout Tower
03:08 Farm
03:45 Scout Tower
03:47 Arcane Tower
03:49 Scout Tower
03:51 Guard Tower
04:10 Scout Tower
04:19 Guard Tower
04:22 Scout Tower
04:23 Guard Tower
04:40 Arcane Tower
04:45 Keep
05:08 Guard Tower
05:08 Guard Tower
06:05 Farm
06:46 Farm
06:52 Farm
07:06 Castle
07:10 Barracks
07:14 Barracks
07:31 Farm
07:34 Farm
08:21 Arcane Sanctum

»
Celebrieigil (
yellow | 40 APM | 622 actions | 15:30)
5 Tauren Chieftain
3 Endurance Aura
2 War Stomp
» actions
| Assign group hotkey | 34 | |
| Build / train | 56 | |
| Enter build submenu | 21 | |
| Enter hero's abilities submenu | 5 | |
| Give item / drop item | 3 | |
| Remove unit from queue | 1 | |
| Right click | 176 | |
| Select / deselect | 108 | |
| Select group hotkey | 171 | |
| Use ability | 47 | |
622 total
» units
| Peon | 20 | |
| Grunt | 14 | |
| Troll Witch Doctor | 2 | |
| Shaman | 1 | |
37 total
» upgrades
| Melee Weapons | 1 | |
| Armor | 1 | |
| Shaman Training | 2 | |
| Witch Doctor Training | 2 | |
6 total
» buildings
| Orc Burrow | 4 | |
| Altar of Storms | 1 | |
| Barracks | 1 | |
| War Mill | 1 | |
| Stronghold | 1 | |
| Watch Tower | 7 | |
| Voodoo Lounge | 1 | |
| Fortress | 1 | |
| Great Hall | 1 | |
| Spirit Lodge | 2 | |
| Tauren Totem | 2 | |
22 total
» build order
00:22 Orc Burrow
00:33 Altar of Storms
00:37 Barracks
01:41 Orc Burrow
02:27 Orc Burrow
03:04 War Mill
03:58 Stronghold
04:37 Watch Tower
05:10 Voodoo Lounge
05:31 Orc Burrow
05:49 Watch Tower
05:54 Watch Tower
06:22 Fortress
07:07 Great Hall
07:25 Watch Tower
07:28 Watch Tower
07:54 Spirit Lodge
08:23 Spirit Lodge
09:49 Tauren Totem
10:04 Tauren Totem
11:39 Watch Tower
12:45 Watch Tower
» items
| Healing Salve | 3 | |
| Orb of Lightning | 1 | |
4 total
DonkeyPunch (
blue | 29 APM | 536 actions | 18:10)
3 Death Knight
2 Death Coil
1 Unholy Aura
» actions
| Assign group hotkey | 9 | |
| Basic commands | 12 | |
| Build / train | 44 | |
| Enter build submenu | 19 | |
| Enter hero's abilities submenu | 3 | |
| Right click | 242 | |
| Select / deselect | 133 | |
| Select group hotkey | 42 | |
| Use ability | 32 | |
536 total
» units
| Acolyte | 9 | |
| Ghoul | 4 | |
| Crypt Fiend | 9 | |
| Frost Wyrm | 6 | |
28 total
» upgrades
| Creature Attack | 1 | |
| Freezing Breath | 1 | |
2 total
» buildings
| Altar of Darkness | 1 | |
| Ziggurat | 13 | |
| Crypt | 1 | |
| Graveyard | 1 | |
| Nerubian Tower | 1 | |
| Tomb of Relics | 1 | |
| Spirit Tower | 7 | |
| Halls of the Dead | 1 | |
| Black Citadel | 1 | |
| Sacrificial Pit | 1 | |
| Boneyard | 5 | |
33 total
» build order
00:07 Altar of Darkness
00:13 Ziggurat
00:41 Crypt
01:05 Graveyard
01:23 Ziggurat
01:31 Nerubian Tower
02:20 Tomb of Relics
03:12 Ziggurat
03:55 Spirit Tower
04:41 Halls of the Dead
05:19 Ziggurat
06:21 Spirit Tower
08:22 Ziggurat
08:23 Ziggurat
09:30 Black Citadel
09:44 Spirit Tower
11:38 Ziggurat
11:38 Ziggurat
11:44 Sacrificial Pit
12:51 Boneyard
12:51 Boneyard
13:02 Boneyard
13:13 Boneyard
13:29 Spirit Tower
13:31 Spirit Tower
13:51 Boneyard
16:02 Ziggurat
16:02 Ziggurat
16:05 Ziggurat
16:06 Ziggurat
16:07 Ziggurat
17:05 Spirit Tower
17:11 Spirit Tower
team 2 (loser)
MonsieurGustavH (
red | 41 APM | 2006 actions | 49:05)
8 Blademaster
3 Wind Walk
3 Critical Strike
1 Bladestorm
1 Mirror Image
» actions
| Assign group hotkey | 76 | |
| Basic commands | 237 | |
| Build / train | 69 | |
| Enter build submenu | 57 | |
| Enter hero's abilities submenu | 9 | |
| Give item / drop item | 4 | |
| Remove unit from queue | 2 | |
| Right click | 815 | |
| Select / deselect | 364 | |
| Select group hotkey | 228 | |
| Use ability | 145 | |
2006 total
» units
| Peon | 16 | |
| Grunt | 4 | |
| Wind Rider | 5 | |
| Demolisher | 6 | |
31 total
» upgrades
| Reinforced Defenses | 1 | |
| Troll Regeneration | 1 | |
| Ranged Weapons | 3 | |
| Armor | 3 | |
| Pillage | 1 | |
| Ensnare | 1 | |
| Envenomed Spears | 1 | |
| Liquid Fire | 1 | |
| Burning Oil | 1 | |
13 total
» buildings
| Orc Burrow | 8 | |
| Altar of Storms | 1 | |
| Barracks | 3 | |
| Voodoo Lounge | 2 | |
| Stronghold | 1 | |
| War Mill | 2 | |
| Great Hall | 2 | |
| Watch Tower | 45 | |
| Fortress | 1 | |
| Beastiary | 4 | |
69 total
» build order
00:12 Orc Burrow
00:59 Orc Burrow
01:10 Altar of Storms
01:12 Barracks
02:23 Voodoo Lounge
02:49 Stronghold
03:59 War Mill
04:30 Orc Burrow
05:22 Great Hall
05:55 Watch Tower
05:57 Watch Tower
05:57 Watch Tower
05:59 Watch Tower
06:58 Watch Tower
06:59 Watch Tower
07:01 Watch Tower
07:45 Watch Tower
07:46 Watch Tower
07:47 Watch Tower
09:24 Fortress
11:51 Beastiary
11:52 Beastiary
11:54 Beastiary
11:57 Beastiary
12:07 War Mill
20:04 Orc Burrow
20:05 Orc Burrow
20:08 Orc Burrow
20:10 Orc Burrow
20:14 Orc Burrow
20:24 Watch Tower
20:24 Watch Tower
20:25 Watch Tower
20:26 Watch Tower
20:27 Watch Tower
20:30 Watch Tower
20:31 Watch Tower
20:32 Watch Tower
20:34 Watch Tower
20:36 Watch Tower
20:42 Watch Tower
20:43 Watch Tower
20:45 Watch Tower
20:46 Watch Tower
20:48 Watch Tower
20:49 Watch Tower
20:50 Watch Tower
24:00 Great Hall
24:20 Watch Tower
24:21 Watch Tower
24:22 Watch Tower
24:22 Watch Tower
25:56 Watch Tower
25:57 Watch Tower
25:58 Watch Tower
25:59 Watch Tower
26:02 Watch Tower
26:02 Watch Tower
26:03 Watch Tower
26:07 Watch Tower
26:08 Watch Tower
26:10 Watch Tower
26:11 Watch Tower
26:12 Watch Tower
27:27 Watch Tower
27:27 Watch Tower
28:57 Barracks
28:59 Barracks
45:10 Voodoo Lounge
» items
| Healing Salve | 1 | |
| Boots of Speed | 1 | |
| Periapt of Vitality | 4 | |
| Staff of Teleportation | 1 | |
7 total
LarryLegend (
pink | 12 APM | 596 actions | 49:05)
4 Priestess of the Moon
2 Trueshot Aura
2 Searing Arrows
» actions
| Assign group hotkey | 1 | |
| Build / train | 58 | |
| Enter build submenu | 16 | |
| Enter hero's abilities submenu | 4 | |
| Remove unit from queue | 1 | |
| Right click | 238 | |
| Select / deselect | 247 | |
| Use ability | 31 | |
596 total
» units
| Wisp | 17 | |
| Archer | 4 | |
| Dryad | 10 | |
| Druid of the Claw | 12 | |
43 total
» upgrades
| Strength of the Wild | 2 | |
| Abolish Magic | 1 | |
| Druid of the Claw Training | 2 | |
| Reinforced Hides | 2 | |
| Mark of the Claw | 1 | |
8 total
» buildings
| Altar of Elders | 1 | |
| Moon Well | 8 | |
| Ancient of War | 1 | |
| Tree of Ages | 1 | |
| Hunter's Hall | 1 | |
| Ancient of Lore | 2 | |
| Tree of Eternity | 1 | |
| Tree of Life | 3 | |
18 total
» build order
00:09 Altar of Elders
00:37 Moon Well
01:36 Ancient of War
02:03 Moon Well
03:10 Moon Well
03:45 Tree of Ages
04:09 Moon Well
05:12 Hunter's Hall
06:19 Ancient of Lore
06:24 Ancient of Lore
06:48 Tree of Eternity
08:00 Moon Well
10:28 Moon Well
11:41 Tree of Life
13:43 Moon Well
16:00 Moon Well
18:28 Tree of Life
20:45 Tree of Life
manbearpig54 (
orange | 31 APM | 1192 actions | 38:29)
5 Blademaster
1 Wind Walk
3 Critical Strike
1 Mirror Image
5 Shadow Hunter
3 Healing Wave
2 Serpent Ward
4 Tauren Chieftain
2 Endurance Aura
2 War Stomp
» actions
| Basic commands | 6 | |
| Build / train | 91 | |
| Enter build submenu | 39 | |
| Enter hero's abilities submenu | 14 | |
| Give item / drop item | 7 | |
| Right click | 545 | |
| Select / deselect | 382 | |
| Use ability | 108 | |
1192 total
» units
| Peon | 17 | |
| Grunt | 5 | |
| Tauren | 6 | |
| Shaman | 2 | |
| Demolisher | 15 | |
45 total
» upgrades
| Spiked Barricades | 3 | |
| Melee Weapons | 3 | |
| Armor | 3 | |
| Pulverize | 1 | |
| Shaman Training | 2 | |
| Reinforced Defenses | 1 | |
| Ranged Weapons | 1 | |
| Burning Oil | 1 | |
15 total
» buildings
| Altar of Storms | 1 | |
| Orc Burrow | 9 | |
| Voodoo Lounge | 1 | |
| Barracks | 1 | |
| Stronghold | 1 | |
| War Mill | 1 | |
| Watch Tower | 19 | |
| Fortress | 1 | |
| Spirit Lodge | 1 | |
| Tauren Totem | 1 | |
| Great Hall | 1 | |
37 total
» build order
00:14 Altar of Storms
00:49 Orc Burrow
01:20 Voodoo Lounge
01:45 Orc Burrow
02:10 Barracks
03:52 Stronghold
04:11 Orc Burrow
04:30 War Mill
05:52 Watch Tower
05:57 Watch Tower
06:54 Orc Burrow
07:11 Watch Tower
07:16 Watch Tower
07:53 Fortress
09:19 Spirit Lodge
09:23 Watch Tower
09:27 Watch Tower
10:07 Orc Burrow
10:52 Watch Tower
11:21 Tauren Totem
12:28 Watch Tower
15:20 Watch Tower
16:29 Orc Burrow
17:35 Watch Tower
18:06 Watch Tower
20:20 Watch Tower
20:23 Watch Tower
20:28 Watch Tower
21:45 Watch Tower
22:01 Watch Tower
22:06 Watch Tower
24:09 Orc Burrow
24:17 Orc Burrow
25:17 Orc Burrow
25:26 Watch Tower
27:15 Watch Tower
28:49 Great Hall
» items
| Healing Salve | 1 | |
| Circlet of Nobility | 1 | |
| Orb of Lightning | 4 | |
| Scroll of Speed | 3 | |
| Boots of Speed | 1 | |
10 total

»
07forresterXT (
purple | 37 APM | 1792 actions | 49:05)
8 Mountain King
3 Storm Bolt
2 Thunder Clap
1 Avatar
2 Bash
3 Blood Mage
2 Flame Strike
1 Siphon Mana
» actions
| Assign group hotkey | 124 | |
| Basic commands | 16 | |
| Build / train | 92 | |
| Enter build submenu | 20 | |
| Enter hero's abilities submenu | 11 | |
| Give item / drop item | 1 | |
| Right click | 874 | |
| Select / deselect | 379 | |
| Select group hotkey | 198 | |
| Use ability | 77 | |
1792 total
» units
| Peasant | 9 | |
| Footman | 3 | |
| Rifleman | 5 | |
| Flying Machine | 8 | |
| Siege Engine | 9 | |
| Mortar Team | 7 | |
| Knight | 2 | |
43 total
» upgrades
| Gunpowder | 3 | |
| Long Rifles | 1 | |
| Armor | 3 | |
| Barrage | 1 | |
| Plating | 3 | |
| Flak Cannons | 1 | |
| Flying Machine Bombs | 1 | |
| Masonry | 1 | |
| Fragmentation Shards | 1 | |
| Flare | 1 | |
16 total
» buildings
| Altar of Kings | 1 | |
| Farm | 12 | |
| Barracks | 2 | |
| Scout Tower | 1 | |
| Lumber Mill | 1 | |
| Blacksmith | 1 | |
| Arcane Vault | 2 | |
| Keep | 1 | |
| Arcane Tower | 1 | |
| Workshop | 2 | |
| Castle | 1 | |
25 total
» build order
00:08 Altar of Kings
00:12 Farm
00:53 Barracks
01:11 Farm
01:19 Scout Tower
01:24 Lumber Mill
02:37 Blacksmith
02:47 Farm
03:22 Barracks
03:28 Arcane Vault
03:38 Farm
03:44 Arcane Vault
04:35 Keep
05:03 Arcane Tower
05:46 Farm
08:33 Workshop
08:33 Workshop
09:52 Castle
10:00 Farm
10:01 Farm
22:47 Farm
22:48 Farm
24:02 Farm
24:24 Farm
40:28 Farm
» items
| Scroll of Regeneration | 3 | |
| Lesser Clarity Potion | 1 | |
| Mechanical Critter | 1 | |
| Boots of Speed | 1 | |
| Scroll of Healing | 1 | |
| Scroll of Protection | 2 | |
| Potion of Mana | 2 | |
| Orb of Fire | 1 | |
| Scroll of Town Portal | 4 | |
| Orb of Lightning | 1 | |
17 total
Chat log
(00:30 / All) DRUMMER.BOY.: larry bird #1
(00:43 / All) LarryLegend: fuck yeah
(00:56 / All) DonkeyPunch: i am larry bird
(01:04 / All) Luigi4002: REALLY?
(01:05 / All) DRUMMER.BOY.: basketball sucks ass now but larry bird was the man
(01:16 / All) LarryLegend: he really was
(01:47 / Allies) DonkeyPunch: fiends wyrms
(03:34 / Allies) Luigi4002: tower up
(04:02 / Allies) Luigi4002: two orc
(04:03 / Allies) Luigi4002: tower up
(04:14 / Allies) Luigi4002: if one goes bats
(04:17 / Allies) Luigi4002: he'll rape your base
(05:34 / Allies) DRUMMER.BOY.: wood plz
(05:54 / Allies) DonkeyPunch: fucking lag
(05:56 / Allies) DonkeyPunch: like fuck off
(07:52 / Allies) Luigi4002: if they go bats
(07:54 / Allies) Luigi4002: they will rape your main
(08:41 / Allies) DonkeyPunch: coming
(10:23 / Allies) Luigi4002: they map hackin.
(11:10 / Allies) Luigi4002: that bm
(11:12 / Allies) Luigi4002: has mask of death
(11:14 / Allies) DRUMMER.BOY.: lets meet and hit rihgt
(11:15 / Allies) Luigi4002: every time he attacks
(11:18 / Allies) Luigi4002: he gains hp
(11:52 / Allies) DRUMMER.BOY.: lets meet
(12:37 / All) MonsieurGustavH: blue is gosu
(13:05 / All) Luigi4002: game has too many map hackers in it
(13:09 / Allies) Celebrieigil: wood pls
(13:10 / All) Luigi4002: not worth playing anymore
(13:18 / All) LarryLegend: ?
(14:06 / All) Luigi4002: yeaa red map hacks.
(14:08 / All) Luigi4002: pretty hard.
(14:11 / All) MonsieurGustavH: lol
(14:15 / All) MonsieurGustavH: based on what
(14:21 / All) Luigi4002: you harass like a noob.
(14:28 / All) MonsieurGustavH: yeah k
(14:36 / All) Luigi4002: You waited until getting mask of death to harass
(14:40 / All) Luigi4002: seems pretty noobish.
(14:41 / All) MonsieurGustavH: and?
(14:43 / All) Luigi4002: creep jacked 3 times
(14:45 / All) MonsieurGustavH: level 1 is better?
(14:46 / All) Luigi4002: took out two expos.
(14:52 / All) Luigi4002: gimme a break if your not hacking LOL
(14:53 / All) Luigi4002: and waste peoples time.
(14:55 / All) MonsieurGustavH: and they're all in the center, retard
(14:58 / All) Luigi4002: yea theres only 7
(15:01 / All) Luigi4002: only 7
(15:02 / All) Luigi4002: right.
(15:04 / All) Luigi4002: hack more plz.
(15:06 / All) MonsieurGustavH: all near each other
(15:09 / All) Luigi4002: dont waste peoples time.
(15:12 / All) MonsieurGustavH: and I only got yellow's
(15:15 / All) Luigi4002: if your a noob at least tell people your hacking.
(15:17 / All) MonsieurGustavH: which is the most obvious spot
(15:19 / All) MonsieurGustavH: you're a retard
(15:32 / All) DonkeyPunch: he was silly
(15:33 / All) DRUMMER.BOY.: god
(17:01 / All) MonsieurGustavH: that was the weakest excuse for map hack accusation
(17:14 / All) MonsieurGustavH: harassing obvious expansion spot
(23:07 / All) DRUMMER.BOY.: y pink gave up
(26:17 / All) LarryLegend: damn is this game really still going
(39:41 / All) LarryLegend: is red even playing
(40:37 / All) MonsieurGustavH: teal and I are members of the society of the crossed key
(40:50 / All) MonsieurGustavH: he asked this favor of me and I was obliged to comply
(45:38 / All) DRUMMER.BOY.: celeb left quick
(45:45 / All) DRUMMER.BOY.: my entire team was convinced ur team hacked
(45:46 / All) MonsieurGustavH: lel
(45:52 / All) MonsieurGustavH: green was a retard
(46:11 / All) MonsieurGustavH: this is a close map
(46:16 / All) MonsieurGustavH: the expansionsa re close
(46:20 / All) MonsieurGustavH: all in the center
(48:37 / All) MonsieurGustavH: Anything to say for ya'lls selves?
(48:59 / All) MonsieurGustavH: guess not